 Dungeon Sprint DCSS version 0.27-a0-538-g15ff5c5295 (webtiles) character file.

Game seed: 7784860244698855424

930600000 sahdkjhfkaj the Formicid Barricade (level 27, -2/249 HPs)
             Began as a Formicid Fighter on Mar 6, 2021.
             Was the Champion of Makhleb.
             Killed from afar by a vile (24 damage)
             ... with damnation
             ... in the Dungeon (Sprint VIII: "Arena of Blood").
             The game lasted 00:14:41 (9306 turns).

sahdkjhfkaj the Formicid Barricade (FoFi)           Turns: 9306, Time: 00:14:41

Health: -2/249     AC: 13    Str: 23    XL:     27
Magic:  49/50      EV: 28    Int: 10    God:    Makhleb [******]
Gold:   0          SH: 19    Dex: 19    Spells: 72/72 levels left

rFire    . . .     SeeInvis +   h - +∞ Axe of Woe
rCold    . . .     Faith    .   c - +0 kite shield
rNeg     . . .     Spirit   .   b - +0 scale mail
rPois    .         Reflect  .   (helmet unavailable)
rElec    .         Harm     .   (no cloak)
rCorr    .         Rampage  .   (no gloves)
Will     ++...                  (no boots)
Stlth    ++++++++..             (no amulet)
HPRegen  0.51/turn              (no ring)
MPRegen  0.32/turn              (no ring)

@: lethally poisoned (-2 -> -30)
A: permanent stasis, dig shafts and tunnels, antennae 3, four strong arms
a: Dig, Renounce Religion, Minor Destruction, Lesser Servant of Makhleb, Major
Destruction, Greater Servant of Makhleb


You were in the Dungeon.
You worshipped Makhleb.
Makhleb was exalted by your worship.
You visited 1 branch

Inventory:

Hand Weapons
 a - a +0 quarterstaff
 h - the +∞ Axe of Woe (weapon)
   (You found it in the Dungeon)
Armour
 b - a +0 scale mail (worn)
 c - a +0 kite shield (worn)
Jewellery
 e - a +30 ring of slaying
 i - a +30 ring of slaying
Potions
 d - a potion of might
 f - a potion of heal wounds
 g - 2 potions of magic


   Skills:
 O Level 27 Fighting
 + Level 23.8(27) Short Blades
 + Level 23.4(26.9) Long Blades
 O Level 27 Axes
 + Level 23.2(27) Maces & Flails
 + Level 23.3(27) Polearms
 O Level 27 Staves
 + Level 25.0(27) Slings
 + Level 20.4 Bows
 + Level 23.3 Crossbows
 + Level 23.3(26.7) Throwing
 O Level 27 Armour
 O Level 27 Dodging
 O Level 27 Stealth
 O Level 27 Shields
 + Level 23.4 Unarmed Combat
 + Level 23.3 Spellcasting
 + Level 21.8 Conjurations
 O Level 27 Hexes
 + Level 23.5 Summonings
 + Level 23.5 Necromancy
 + Level 22.2 Translocations
 + Level 25.2 Transmutations
 + Level 24.0 Fire Magic
 + Level 23.9 Ice Magic
 + Level 20.8 Air Magic
 O Level 27 Earth Magic
 O Level 27 Poison Magic
 O Level 27 Invocations
 + Level 25.7 Evocations


You had 72 spell levels left.
You didn't know any spells.
Your spell library was empty.

Dungeon Overview and Level Annotations

Branches:
Dungeon (1/1)

Altars:
Makhleb


Innate Abilities, Weirdness & Mutations

You cannot be hasted, slowed, berserked, paralysed or teleported.
You can dig through walls and to a lower floor.
You have a pair of large antennae on your head. (SInv)
Your four strong arms can wield two-handed weapons with a shield.


Message History

You pulverise the accursed into a thin bloody mist.
You destroy the accursed!
Makhleb accepts your kill.
You feel better.
You feel extremely nervous for a moment...
Your body is wracked with pain!
* * * LOW HITPOINT WARNING * * *
You feel sick.
You hear a shout! x7
Your base Long Blades skill increases to level 23!
Your base Maces & Flails skill increases to level 23!
Your base Polearms skill increases to level 23!
Your base Slings skill increases to level 25!
Your Bows skill increases to level 20!
Your Crossbows skill increases to level 23!
Your base Throwing skill increases to level 23!
Your Unarmed Combat skill increases to level 23!
Your Spellcasting skill increases to level 23!
You have mastered Hexes!
Your Summonings skill increases to level 23!
Your Necromancy skill increases to level 23!
Your Translocations skill increases to level 22!
Your Transmutations skill increases to level 25!
Your Fire Magic skill increases to level 24!
You have mastered Earth Magic!
You have mastered Invocations!
You extend your mandibles.
Unknown command.
Unknown command.
You dig through the rock wall.
You feel sick.
You hear a shout! x7; You hear a grinding noise.
You hear a shout! x2
You dig through the rock wall.
You feel sick.
You hear a shout! x7
The vile throws miasma at you. The foul vapour engulfs you!!!
You are more poisoned.
* * * LOW HITPOINT WARNING * * *
You hear a shout! x6
The vile throws damnation at you.
The sphere of damnation explodes!
The damnation engulfs you!!
You die...

###########################
#......9...○○....))........
#.#.####☼##○####........)##
#.##.## #○@####)##).###.#.#
#.###.# ##○###.#..##.##.##.
#.##.#...○○○..##.#.##.#.###
#.##########.##.###.##.#..#
#..## ##.#..#.......)#.#
#)#.# ##.##..######.##..#
#..## ##.##.### ##..#.#
#.######.#### #..#.#
#.........# ##..9#


You could see a vile (fast).

Vanquished Creatures
  4 molten gargoyles (D)
  A hell beast (D)
  3 royal mummies (D)
  A great orb of eyes (D)
  Harold (D)
  4 vampire knights (D)
  19 ogres (D)
  4 two-headed ogres (D)
  38 orcs (D)
  3 skeletal warriors (D)
  A sea snake (D)
79 creatures vanquished.

Vanquished Creatures (others)
  2 two-headed ogres (D)
  A hydra (D)
  2 orcs (D)
5 creatures vanquished.

Grand Total: 84 creatures vanquished

Notes
Turn   | Place    | Note
-------+----------+-------------------------------------------
     0 | D        | Found the +∞ Axe of Woe
     0 | D        | sahdkjhfkaj the Formicid Fighter began the quest for the
                  | Orb.
     0 | D        | Reached XP level 1. HP: 18/18 MP: 1/1
     1 | D        | Noticed a bag of meat
     3 | D        | Became a worshipper of Makhleb the Destroyer
     4 | D        | Noticed a bag of meat
     4 | D        | Noticed a bag of meat
     5 | D        | Noticed a bag of meat
     5 | D        | Noticed a bag of meat
     6 | D        | Noticed a bag of meat
     6 | D        | Noticed a meat berserker
     7 | D        | Noticed a bag of meat
     8 | D        | Killed a meat berserker
     8 | D        | Killed a bag of meat
     8 | D        | Reached * piety under Makhleb
     8 | D        | Noticed a bag of meat
     8 | D        | Noticed a meat berserker
     9 | D        | Reached skill level 10 in Staves
     9 | D        | Reached XP level 2. HP: 55/55 MP: 2/2
     9 | D        | Reached XP level 3. HP: 61/61 MP: 3/3
     9 | D        | Reached XP level 4. HP: 69/69 MP: 4/4
     9 | D        | Reached XP level 5. HP: 75/75 MP: 5/5
     9 | D        | Reached XP level 6. HP: 83/83 MP: 6/6
     9 | D        | Reached XP level 7. HP: 89/89 MP: 7/7
     9 | D        | Reached XP level 8. HP: 97/97 MP: 8/8
     9 | D        | Reached XP level 9. HP: 103/103 MP: 9/9
     9 | D        | Reached XP level 10. HP: 111/111 MP: 10/10
     9 | D        | Reached XP level 11. HP: 117/117 MP: 11/11
     9 | D        | Reached XP level 12. HP: 125/125 MP: 12/12
     9 | D        | Reached XP level 13. HP: 132/132 MP: 13/13
     9 | D        | Reached XP level 14. HP: 139/139 MP: 14/14
    11 | D        | Killed a bag of meat
    11 | D        | Killed a bag of meat
    11 | D        | Killed a bag of meat
    11 | D        | Reached ** piety under Makhleb
    11 | D        | Killed a bag of meat
    11 | D        | Killed a bag of meat
    11 | D        | Noticed a bag of meat
    11 | D        | Noticed a bag of meat
    11 | D        | Noticed a bag of meat
    11 | D        | Noticed a bag of meat
    12 | D        | Reached skill level 27 in Shields
    12 | D        | Reached XP level 15. HP: 157/157 MP: 15/15
    12 | D        | Reached XP level 16. HP: 164/164 MP: 16/16
    12 | D        | Killed a meat berserker
    12 | D        | Reached *** piety under Makhleb
    13 | D        | Reached XP level 17. HP: 171/171 MP: 17/17
    13 | D        | Noticed a meat berserker
    16 | D        | Reached XP level 18. HP: 163/179 MP: 18/18
    16 | D        | Reached **** piety under Makhleb
    16 | D        | Noticed a meat berserker
    17 | D        | Reached skill level 27 in Axes
    18 | D        | Killed a meat berserker
    19 | D        | Reached skill level 5 in Short Blades
    19 | D        | Reached skill level 5 in Long Blades
    19 | D        | Reached skill level 5 in Maces & Flails
    19 | D        | Reached skill level 5 in Polearms
    19 | D        | Reached skill level 5 in Slings
    19 | D        | Reached skill level 5 in Crossbows
    19 | D        | Reached skill level 5 in Throwing
    19 | D        | Reached skill level 5 in Dodging
    19 | D        | Reached skill level 5 in Unarmed Combat
    19 | D        | Reached skill level 5 in Spellcasting
    19 | D        | Reached skill level 5 in Summonings
    19 | D        | Reached skill level 5 in Necromancy
    19 | D        | Reached skill level 5 in Transmutations
    19 | D        | Reached skill level 5 in Fire Magic
    19 | D        | Reached skill level 5 in Ice Magic
    19 | D        | Reached skill level 5 in Evocations
    19 | D        | Reached XP level 19. HP: 188/188 MP: 18/27
    20 | D        | Killed a meat berserker
    20 | D        | Noticed a meat berserker
    21 | D        | Reached XP level 20. HP: 196/196 MP: 18/30
    22 | D        | Reached ***** piety under Makhleb
    23 | D        | Reached skill level 27 in Fighting
    23 | D        | Reached skill level 15 in Staves
    23 | D        | Reached skill level 10 in Slings
    23 | D        | Reached skill level 10 in Throwing
    23 | D        | Reached skill level 10 in Necromancy
    23 | D        | Reached skill level 10 in Transmutations
    23 | D        | Reached skill level 10 in Fire Magic
    23 | D        | Reached skill level 10 in Invocations
    23 | D        | Reached skill level 10 in Evocations
    23 | D        | Reached XP level 21. HP: 204/204 MP: 19/34
    23 | D        | Noticed a large bag of meat
    23 | D        | Noticed a destroyer
    24 | D        | Noticed a destroyer
    24 | D        | Noticed a large bag of meat
    25 | D        | Killed a destroyer
    25 | D        | Killed a meat berserker
    25 | D        | Noticed a meat berserker
    26 | D        | Reached skill level 10 in Dodging
    26 | D        | Reached skill level 10 in Conjurations
    26 | D        | Reached skill level 10 in Translocations
    26 | D        | Reached XP level 22. HP: 212/212 MP: 19/37
    26 | D        | Noticed a large bag of meat
    26 | D        | Noticed a meat berserker
    27 | D        | Killed a large bag of meat
    27 | D        | Reached ****** piety under Makhleb
    27 | D        | Noticed a meat berserker
    28 | D        | Reached skill level 10 in Bows
    28 | D        | Reached skill level 27 in Armour
    28 | D        | Reached skill level 15 in Stealth
    28 | D        | Reached skill level 10 in Air Magic
    28 | D        | Reached skill level 15 in Poison Magic
    28 | D        | Reached XP level 23. HP: 214/219 MP: 20/39
    29 | D        | Noticed a large bag of meat
    30 | D        | Killed a large bag of meat
    30 | D        | Noticed a large bag of meat
    31 | D        | Reached skill level 15 in Slings
    31 | D        | Reached skill level 15 in Invocations
    31 | D        | Reached skill level 15 in Evocations
    31 | D        | Noticed a destroyer
    31 | D        | Noticed a large bag of meat
    33 | D        | Reached skill level 15 in Transmutations
    33 | D        | Reached skill level 15 in Fire Magic
    33 | D        | Reached XP level 24. HP: 101/227 MP: 21/41
    34 | D        | Killed a destroyer
    35 | D        | Reached skill level 15 in Short Blades
    35 | D        | Reached skill level 15 in Long Blades
    35 | D        | Reached skill level 15 in Maces & Flails
    35 | D        | Reached skill level 15 in Polearms
    35 | D        | Reached skill level 15 in Crossbows
    35 | D        | Reached skill level 15 in Throwing
    35 | D        | Reached skill level 15 in Unarmed Combat
    35 | D        | Reached skill level 15 in Spellcasting
    35 | D        | Reached skill level 15 in Summonings
    35 | D        | Reached skill level 15 in Necromancy
    35 | D        | Reached skill level 15 in Ice Magic
    35 | D        | Reached XP level 25. HP: 209/234 MP: 21/42
    36 | D        | Reached skill level 15 in Dodging
    36 | D        | Reached skill level 15 in Translocations
    36 | D        | Killed a destroyer
    36 | D        | Killed a large bag of meat
    36 | D        | Noticed The Servant
    37 | D        | Reached skill level 15 in Conjurations
    37 | D        | Reached XP level 26. HP: 110/242 MP: 22/43
    37 | D        | Noticed a destroyer
    38 | D        | Killed a destroyer
    39 | D        | Reached skill level 15 in Bows
    39 | D        | Reached skill level 15 in Air Magic
    39 | D        | Killed a large bag of meat
    42 | D        | Killed a large bag of meat
    43 | D        | HP: 12/242 [??? (9)]
    43 | D        | Killed a large bag of meat
    45 | D        | Noticed an accursed
    46 | D        | Noticed a tyrant
    48 | D        | Reached XP level 27. HP: 249/249 MP: 24/45
    48 | D        | Noticed an accursed
    51 | D        | Killed an accursed
    51 | D        | Noticed an accursed
    52 | D        | Noticed an accursed
    53 | D        | Killed The Servant
    58 | D        | Noticed an accursed
    59 | D        | Noticed a large bag of meat
    60 | D        | Noticed a meat beast
    64 | D        | Killed an accursed
    65 | D        | Noticed a meat beast
  2184 | D        | Noticed a vile
  2195 | D        | Killed a vile
  2692 | D        | Noticed a vile
  2694 | D        | Killed a vile
  4146 | D        | Noticed a vile
  4151 | D        | Reached skill level 27 in Stealth
  4152 | D        | Killed a vile
  6781 | D        | Reached skill level 27 in Staves
  8602 | D        | Reached skill level 27 in Dodging
  8603 | D        | Killed a meat beast
  8604 | D        | Reached skill level 27 in Poison Magic
  9169 | D        | Noticed a destroyer
  9176 | D        | Noticed a vile
  9176 | D        | Noticed an accursed
  9287 | D        | Noticed a vile
  9291 | D        | Killed a vile
  9304 | D        | Killed an accursed
  9305 | D        | Reached skill level 27 in Hexes
  9305 | D        | Reached skill level 27 in Earth Magic
  9305 | D        | Reached skill level 27 in Invocations
  9306 | D        | Killed from afar by a vile

Illustrated notes

Levels and vault maps discovered:
D:        meatsprint

Skill      XL: |  1  2  3  4  5  6  7  8  9 10 11 12 13 14 15 16 17 18 19 20 21 22 23 24 25 26 27 |
---------------+----------------------------------------------------------------------------------+-----
Fighting       | 21 26 27 | 27.0
Axes           | 8 16 23 26 27 | 27.0
Staves         | 10 12 13 14 15 16 18 19 20 27 | 27.0
Armour         | 20 24 25 26 27 | 27.0
Shields        | 22 27 | 27.0
Short Blades   | 5 7 9 11 12 14 15 16 18 23 | 23.8
Long Blades    | 5 7 9 11 12 14 15 16 18 23 | 23.4
Maces & Flails | 5 7 9 11 12 14 15 16 17 23 | 23.2
Polearms       | 5 7 9 11 12 14 15 16 18 23 | 23.3
Slings         | 5 7 10 12 13 16 18 19 25 | 25.0
Bows           | 4 6 8 9 10 12 13 14 15 20 | 20.4
Crossbows      | 5 7 9 11 12 14 15 16 18 23 | 23.3
Throwing       | 5 7 10 11 12 14 15 16 18 23 | 23.3
Dodging        | 5 6 9 10 11 13 14 15 16 27 | 27.0
Stealth        | 7 9 12 14 15 18 19 20 22 27 | 27.0
Unarmed Combat | 5 7 9 11 12 14 15 16 18 23 | 23.4
Spellcasting   | 5 7 9 11 12 14 15 16 18 23 | 23.3
Conjurations   | 4 6 9 10 11 13 14 15 16 21 | 21.8
Hexes          | 6 8 11 13 14 17 18 19 20 27 | 27.0
Summonings     | 5 7 9 11 12 14 15 16 17 23 | 23.5
Necromancy     | 5 7 10 11 12 14 15 16 18 23 | 23.5
Translocations | 4 6 9 10 11 14 15 17 22 | 22.2
Transmutations | 5 8 10 12 13 15 16 17 19 25 | 25.2
Fire Magic     | 5 7 10 11 12 15 17 18 24 | 24.0
Ice Magic      | 5 7 9 11 12 14 15 16 18 23 | 23.9
Air Magic      | 4 6 8 9 10 12 13 14 15 20 | 20.8
Earth Magic    | 6 8 11 13 14 17 18 19 20 27 | 27.0
Poison Magic   | 7 9 12 14 15 18 19 21 22 27 | 27.0
Evocations     | 5 8 10 12 13 16 18 19 25 | 25.7
Invocations    | 4 7 10 12 14 16 17 19 20 27 | 27.0

Action                   |  1- 3 |  4- 6 |  7- 9 | 10-12 | 13-15 | 16-18 | 19-21 | 22-24 | 25-27 || total
-------------------------+-------+-------+-------+-------+-------+-------+-------+-------+-------++-------
Melee: Executioner's axe |     1 |       |       |       |     1 |     4 |     3 |     4 |    28 ||    41
 Abil: Dig               |       |       |       |       |       |       |       |       |    26 ||    26
  Use: Potion            |       |       |       |       |       |       |       |       |     1 ||     1
Armor: Scale mail        |       |       |       |       |       |       |       |       |     2 ||     2
Dodge: Dodged            |       |       |       |       |       |       |       |     1 |     2 ||     3
Block: Kite shield       |       |       |       |       |     1 |       |     2 |     1 |     6 ||    10

Table legend: (Time is in decaauts)
 A = Elapsed time spent in this place.
 B = Non-inter-level travel time spent in this place.
 C = Inter-level travel time spent in this place.
 D = Time resting spent in this place.
 E = Time spent auto-exploring this place.
 F = Levels seen in this place.
 G = Mean time per level.
                   A        B        C        D        E       F      G
               +--------+--------+--------+--------+--------+-----+--------+
         Total |   9364 |   9364 |      0 |   8686 |      0 |   1 | 9364.0 |
       Dungeon |   9364 |   9364 |      0 |   8686 |      0 |   1 | 9364.0 |
               +--------+--------+--------+--------+--------+-----+--------+

Top non-repeatable levels by time:
       D: 9364 daAuts
